Map: 썬더버드 - 래더

Players

TYTY (TY) - Winner!

  • Race: Terran Terran
  • League: Diamond
  • Spawn Location: 5:00

ShoWTimE

  • Race: Protoss Protoss
  • League: Grandmaster
  • Spawn Location: 11:00

Event: HomeStory Cup XIX

VOD

Have the link to the VOD?

Description

Time

  • Played on: June 28, 2019, 7:31 a.m.
  • Length: 13:16

All games in this series

Show
View Real Time Build Order
Export as new Build Order

TYTY Terran - Winner!

Build Orders: Reaper Expand 

Get SALT Encoding   

  12  0:00  SCV  
  13  0:12  SCV  
  14  0:16  Supply Depot  
  14  0:24  SCV  
  15  0:38  SCV  
  15  0:40  Barracks  
  16  0:43  Refinery  
  16  0:50  SCV  
  17  1:02  SCV  
  18  1:14  SCV  
  19  1:27  Reaper  
  19  1:28  Orbital Command  
  20  1:45  Command Center  
  20  1:51  Supply Depot  
  20  1:55  SCV  
  20  1:59  Barracks Reactor  
  21  2:07  SCV  
  22  2:09  Bunker  
  22  2:19  SCV  
  23  2:23  Factory  
  23  2:29  Refinery  
  23  2:31  SCV  
  23  2:35  Marine x2  
  26  2:43  SCV  
  27  2:53  Marine x2  
  27  2:55  SCV  
  27  2:57  Orbital Command  
  30  3:07  SCV  
  30  3:08  Starport  
  30  3:10  Widow Mine  
  30  3:12  Marine  
  33  3:19  SCV  
  36  3:24  SCV  
  37  3:30  Supply Depot  
  37  3:32  SCV  
  37  3:33  Widow Mine  
  37  3:34  Marine x2  
  38  3:36  SCV  
  41  3:44  SCV  
  41  3:45  Medivac  
  44  3:48  SCV  
  44  3:52  Marine  
  44  3:54  Widow Mine  
  48  3:56  SCV  
  48  4:00  SCV  
  48  4:01  Supply Depot  
  50  4:05  Liberator, Marine  
  50  4:08  SCV  
  50  4:09  Marine  
  52  4:12  SCV  
  54  4:19  Factory Tech Lab  
  54  4:22  SCV  
  54  4:24  Supply Depot  
  58  4:25  SCV  
  58  4:26  Marine  
  58  4:27  Supply Depot, Marine  
  61  4:34  SCV  
  62  4:45  Marine x2, SCV, Siege Tank  
  68  4:51  SCV  
  69  4:53  Command Center  
  61  5:00  SCV  
  61  5:03  Marine x2  
  64  5:09  Starport Tech Lab  
  64  5:10  SCV  
  64  5:13  Barracks  
  63  5:17  Siege Tank  
  63  5:18  SCV  
  63  5:20  Marine  
  63  5:21  Marine  
  67  5:22  SCV  
  67  5:27  Barracks  
  68  5:30  Barracks  
  68  5:31  Barracks, SCV  
  68  5:33  Refinery  
  68  5:34  Refinery, SCV  
  68  5:36  Raven  
  68  5:38  Marine x2  
  72  5:43  SCV  
  71  5:50  Supply Depot, SCV  
  71  5:52  Supply Depot  
  71  5:56  Marine x2  
  74  5:57  SCV  
  74  6:02  Siege Tank  
  75  6:04  Supply Depot  
  75  6:07  Barracks Tech Lab  
  75  6:08  SCV  
  75  6:09  SCV  
  76  6:12  Barracks Tech Lab, Orbital Command  
  76  6:13  Engineering Bay x2  
  76  6:14  Marine x2  
  78  6:28  Barracks Tech Lab  
  78  6:30  Barracks Reactor  
  78  6:31  Marine x2  
  78  6:32  Marine x2, Stimpack  
  82  6:34  Starport Reactor, Orbital Command  
  82  6:37  SCV x2  
  84  6:42  Factory Reactor  
  84  6:43  Marine  
  85  6:49  Marine x2, Terran Infantry Weapons Level 1  
  85  6:50  Marine x2  
  89  6:56  SCV x2  
  89  6:57  Terran Infantry Armor Level 1  
  89  6:59  Refinery  
  89  7:00  Marine, SCV  
  92  7:01  Supply Depot  
  92  7:07  Marine x2  
  94  7:08  SCV  
  94  7:10  Marine x4  
  94  7:11  Missile Turret x2  
  94  7:14  Supply Depot  
  101  7:19  Medivac x2  
  101  7:21  Widow Mine x2, Marine  
  108  7:25  Marine  
  108  7:26  Combat Shield  
  108  7:27  SCV x3  
  108  7:29  Marine x3  
  114  7:31  Marine  
  116  7:37  Supply Depot x2  
  116  7:38  Marine  
  116  7:39  Marine, Concussive Shells  
  116  7:42  SCV x2  
  116  7:43  Marine  
  121  7:44  Widow Mine  
  121  7:45  Widow Mine  
  125  7:56  Marine  
  124  7:59  Marine x3, Medivac x2  
  124  8:00  SCV  
  124  8:05  Missile Turret  
  130  8:06  SCV  
  130  8:11  Marine x3  
  123  8:14  Marine, SCV  
  123  8:19  Marine  
  121  8:24  Widow Mine x2  
  121  8:26  SCV x2  
  116  8:37  SCV  
  116  8:38  Marine x2, SCV  
  120  8:42  Medivac x2  
  120  8:46  Marine x2, Marauder x2  
  120  8:47  Marauder  
  132  8:51  SCV x2  
  132  8:52  SCV  
  135  8:56  Armory  
  135  8:59  Missile Turret  
  135  9:02  Marine x2  
  130  9:04  Marine  
  130  9:05  Widow Mine x2  
  130  9:08  Marauder  
  141  9:10  Marauder  
  141  9:12  Supply Depot x2  
  141  9:16  Liberator  
  141  9:33  Marine x6  
  141  9:34  SCV x3  
  150  9:42  Widow Mine x2  
  150  9:45  Terran Infantry Armor Level 2, Terran Infantry Weapons Level 2  
  141  9:50  Liberator  
  141  9:51  Marine  
  141  9:52  Marine, Marauder x2  
  115  10:00  SCV  
  115  10:04  Widow Mine x2, Marauder, Marine x2  
  123  10:07  Liberator  
  123  10:12  Marine x2  
  129  10:25  Marine x2, Widow Mine  
  122  10:30  Marine x2  
  122  10:31  Command Center  
  124  10:41  Widow Mine  
  126  10:45  Ghost Academy  
  126  10:46  Marine x2, Marauder x2  
  132  10:54  Widow Mine  
  134  11:03  Widow Mine, Missile Turret  
  134  11:05  Medivac  
  134  11:09  Refinery  
  134  11:10  Marine x3  
  144  11:13  Medivac  
  144  11:14  Ghost x3  
  144  11:15  Marine  
  144  11:17  SCV x3  
  151  11:25  Supply Depot  
  151  11:28  Sensor Tower, Supply Depot  
  151  11:29  SCV  
  151  11:31  Marine x3  
  157  11:43  Ghost  
  161  11:49  Marine, Medivac x2  
  161  11:50  Marine x2, Marauder x2  
  161  11:53  SCV x3  
  170  11:58  Widow Mine x2  
  172  12:12  SCV x3  
  172  12:13  Planetary Fortress, Missile Turret  
  173  12:21  Missile Turret  
  165  12:32  Marine x5, Marauder x2  
  165  12:34  Widow Mine, Medivac x2  
  161  12:37  SCV x2  
  161  12:43  Refinery, Starport  
  162  12:50  Marine x5  
  150  13:03  SCV x3  
  146  13:09  Refinery  
Show
View Real Time Build Order
Export as new Build Order

ShoWTimE Protoss 

Build Orders: 1 Gate Expand, Phoenix Opening, Blink Stalkers 

Get SALT Encoding   

  12  0:00  Probe  
  13  0:12  Probe  
  14  0:17  Pylon  
  14  0:24  Probe  
  15  0:32  Probe  
  15  0:37  Gateway  
  15  0:40  Probe  
  16  0:46  Assimilator  
  17  0:51  Probe  
  18  1:03  Probe  
  19  1:15  Probe  
  20  1:24  Cybernetics Core  
  20  1:34  Nexus  
  20  1:36  Probe  
  21  1:43  Pylon  
  21  1:48  Probe  
  21  1:51  Adept, Assimilator  
  22  2:01  Probe  
  23  2:03  Warp Gate  
  25  2:10  Probe  
  26  2:18  Probe  
  26  2:21  Sentry  
  29  2:27  Probe  
  30  2:37  Twilight Council  
  30  2:39  Probe  
  30  2:42  Probe  
  31  2:48  Stalker  
  31  2:50  Probe  
  34  2:51  Probe  
  36  3:00  Gateway  
  36  3:01  Probe  
  36  3:03  Probe  
  36  3:05  Phoenix  
  38  3:13  Probe  
  38  3:14  Pylon  
  38  3:19  Probe, Stalker  
  42  3:20  Blink  
  42  3:24  Probe  
  43  3:31  Probe  
  43  3:32  Probe  
  44  3:37  Assimilator  
  44  3:40  Probe  
  45  3:43  Robotics Facility  
  45  3:44  Probe  
  47  3:52  Probe  
  48  3:56  Probe  
  48  4:02  Pylon  
  49  4:05  Nexus  
  49  4:15  Pylon  
  49  4:16  Probe  
  51  4:17  Probe, Stalker  
  51  4:21  Stalker  
  55  4:29  Pylon  
  55  4:31  Observer  
  55  4:32  Probe x2  
  58  4:42  Stalker  
  58  4:43  Pylon, Immortal  
  58  4:44  Stalker  
  64  4:50  Shield Battery  
  64  5:02  Probe x2  
  66  5:07  Stalker  
  52  5:15  Probe  
  52  5:18  Probe  
  53  5:23  Probe  
  53  5:25  Probe  
  53  5:26  Probe  
  56  5:31  Probe  
  56  5:34  Probe  
  58  5:36  Probe  
  60  5:43  Probe  
  60  5:46  Stalker x2  
  66  5:55  Dark Shrine  
  66  5:56  Probe  
  66  5:58  Probe  
  66  6:00  Probe  
  68  6:08  Probe  
  68  6:10  Probe  
  68  6:12  Probe  
  68  6:13  Warp Prism  
  68  6:16  Probe  
  69  6:22  Probe  
  69  6:24  Probe x2  
  71  6:31  Forge  
  72  6:34  Assimilator  
  72  6:35  Probe x2  
  72  6:36  Probe  
  75  6:42  Charge  
  75  6:45  Gateway  
  75  6:46  Gateway  
  75  6:47  Probe x2  
  77  6:48  Probe  
  78  6:59  Protoss Ground Armor Level 1, Probe x2  
  78  7:01  Probe  
  81  7:09  Gateway  
  81  7:10  Gateway, Dark Templar  
  81  7:11  Probe x2  
  81  7:12  Dark Templar  
  81  7:13  Probe  
  88  7:17  Pylon  
  88  7:23  Probe x2  
  88  7:25  Gateway, Probe  
  88  7:26  Gateway  
  88  7:27  Observer  
  92  7:31  Pylon  
  92  7:32  Assimilator  
  92  7:37  Assimilator  
  92  7:39  Dark Templar  
  92  7:42  Dark Templar  
  96  7:49  Pylon  
  96  7:53  Immortal  
  100  8:03  Pylon  
  100  8:10  Probe  
  100  8:11  Probe  
  102  8:17  Zealot x5  
  102  8:18  Zealot  
  108  8:20  Probe, Zealot  
  108  8:24  Templar Archives  
  109  8:30  Nexus  
  109  8:32  Immortal  
  108  8:39  Stalker x3  
  108  8:40  Zealot, Stalker x2  
  108  8:41  Probe  
  107  8:48  Probe  
  102  8:49  Pylon  
  102  8:52  Probe  
  103  8:58  Zealot x2  
  103  9:03  Zealot x2, High Templar x2  
  103  9:04  Zealot  
  103  9:05  Probe  
  103  9:09  Protoss Ground Armor Level 2  
  114  9:13  Observer  
  114  9:17  Archon, Zealot  
  114  9:19  Probe  
  118  9:26  Zealot x5  
  118  9:29  Pylon  
  128  9:38  Zealot x3  
  134  9:42  Stalker x3  
  112  9:46  Zealot x4  
  105  9:53  Zealot  
  97  10:02  Forge, Probe x3  
  97  10:03  Probe  
  97  10:06  Stalker  
  102  10:10  Dark Templar  
  98  10:25  Robotics Bay, Probe, Robotics Facility  
  99  10:29  Stalker x3  
  99  10:33  Probe  
  99  10:34  Probe  
  107  10:36  Probe  
  107  10:37  Probe  
  109  10:43  Warp Prism  
  109  10:48  Probe x2  
  109  10:49  Pylon  
  113  10:55  Zealot x3  
  119  11:04  Pylon  
  117  11:09  Sentry x3, Zealot x2  
  127  11:13  Disruptor  
  127  11:15  Disruptor  
  127  11:16  Stalker x3  
  127  11:17  Probe  
  130  11:18  Protoss Ground Weapons Level 1  
  136  11:27  Observer  
  136  11:32  Dark Templar x2  
  140  11:35  Probe  
  140  11:36  Probe x2  
  140  11:38  Pylon  
  143  11:40  Disruptor  
  143  11:43  Photon Cannon, Stalker  
  143  11:44  Disruptor  
  143  11:46  Probe  
  146  11:48  Probe  
  150  11:57  Stalker  
  155  12:05  Stalker x2  
  151  12:09  Shield Battery  
  151  12:10  Shield Battery, Stalker x2  
  151  12:13  Pylon  
  153  12:15  Zealot x2  
  153  12:21  Observer  
  155  12:25  Stargate  
  149  12:36  Stalker x5  
  149  12:37  Zealot x2, Stalker  
  107  13:00  Dark Templar  
  107  13:01  Dark Templar, Zealot x5  
  107  13:03  Zealot  
Tags
 
Add a new tag
Caveats
  • Supply blocks, unpowered buildings, or Contaminate may cause inaccurate times.
  • Supply counts are checked every 10 seconds.